 Dungeon Crawl Stone Soup version 0.19.0-2-gae57169 (webtiles) character file.

186 dobroeutro the Covered (level 5, 0/33 HPs)
             Began as a Gargoyle Fighter on Nov 6, 2016.
             Slain by an orc (2 damage)
             ... on level 3 of the Dungeon.
             The game lasted 00:02:10 (2326 turns).

dobroeutro the Covered (Gargoyle Fighter)           Turns: 2326, Time: 00:02:10

Health: 0/33       AC: 13    Str: 20    XL:     5   Next: 66%
Magic:  5/5        EV: 13    Int:  9    God:
Gold:   181        SH:  0    Dex: 14    Spells: 0 memorised, 4 levels left

rFire  . . .     SeeInvis .     a - +0 flail
rCold  . . .     Gourm    .     b - +0 scale mail
rNeg   + . .     Faith    .     c - +0 shield
rPois  ∞         Spirit   .     m - +1 helmet
rElec  +         Reflect  .     (no cloak)
rCorr  .         Harm     .     (no gloves)
MR     .....                    (no boots)
Stlth  ..........               (no amulet)
                                (no ring)
                                (no ring)

@: confused, agile
A: negative energy resistance 1, electricity resistance, unbreathing,
petrification resistance, rot immunity, AC +4
a: no special abilities


You were on level 3 of the Dungeon.
You were not hungry.

You visited 1 branch of the dungeon, and saw 3 of its levels.

You collected 181 gold pieces.

Inventory:

Hand Weapons
 a - a +0 flail (weapon)
Armour
 b - a +0 scale mail (worn)
 c - a +0 shield (worn)
 m - a +1 helmet (worn)
Wands
 k - a wand of paralysis (11/24)
Scrolls
 e - 4 scrolls of identify {unknown}
 i - 2 scrolls of fear {unknown}
 n - 3 scrolls of teleportation {unknown}
Potions
 d - a potion of might
 h - 3 potions of curing {unknown}
 l - a potion of mutation {unknown}
 p - a potion of agility
Comestibles
 f - a bread ration
 g - 3 fruits
 j - 3 beef jerkies
 o - 2 meat rations
 q - 6 chunks of flesh


   Skills:
 + Level 3.9 Fighting
 * Level 3.8 Maces & Flails
 + Level 4.3 Armour
 + Level 1.6 Dodging
 - Level 3.2 Shields
 + Level 0.5 Evocations


You had 4 spell levels left.
You didn't know any spells.

Dungeon Overview and Level Annotations

Branches:
Dungeon (3/15)

Altars:
Cheibriados
Hepliaklqana
Yredelemnul


Innate Abilities, Weirdness & Mutations

You are resistant to torment.
Your stone body is resilient. (AC +4)
You are immune to poison.
You resist negative energy. (rN+)
You are resistant to electric shocks. (rElec)
You can survive without breathing.
You are immune to petrification.
You are immune to rotting.


Message History

You are too injured to fight recklessly!
Unknown command.
You are too injured to fight recklessly!
You miss something. You block the bat's attack.
You hear some strange, mumbled words.
You are confused.
You hear some strange, mumbled words.
A puff of flame appears from out of thin air!
The puff of flame hits you!
* * * LOW HITPOINT WARNING * * *
The orc closely misses you.
The giant cockroach bites you but does no damage.
The bat hits you but does no damage.
The frilled lizard completely misses you.
Something hits you but does no damage. x2
It was a potion of agility.
You feel agile all of a sudden. The bat hits you but does no damage.
The giant cockroach barely misses you. The orc hits you.
You die...

#.............##.....##
#..).....######.......#
#........#### #..._...#
##..........# #.......#
##########.# ##.....##
#####.#####...##
#...)))(.?#####
#.....##..b.>#
#.....##.l@s##
#[....##..{o......
#.....##..o.......
#.....##.......((.
#.....##..........
#.....##..........
#.......... ...........


You could see 2 orcs, a giant cockroach, a bat and a frilled lizard.

Vanquished Creatures
  An orc priest (D:3)
  Robin (D:2)
  6 adders
  3 oozes
  A worm (D:2)
  3 leopard geckos
  7 orcs (D:3)
  3 ball pythons
  4 bats
  2 giant cockroaches
  6 goblins
  12 hobgoblins
  A quokka (D:3)
  3 frilled lizards
  6 kobolds
  9 rats
  A spectral orc (D:2)
69 creatures vanquished.

Notes
Turn   | Place    | Note
-------+----------+-------------------------------------------
     0 | D:1      | dobroeutro the Gargoyle Fighter began the quest for the Orb.
     0 | D:1      | Reached XP level 1. HP: 14/14 MP: 1/1
    75 | D:1      | Reached XP level 2. HP: 19/19 MP: 2/2
   982 | D:2      | Reached XP level 3. HP: 16/23 MP: 3/3
  1013 | D:2      | Found a hazy altar of Hepliaklqana.
  1023 | D:2      | Reached skill level 1 in Dodging
  1173 | D:2      | Noticed Robin
  1184 | D:2      | Killed Robin
  1184 | D:2      | Reached XP level 4. HP: 17/28 MP: 4/4
  1328 | D:2      | Found a basalt altar of Yredelemnul.
  1598 | D:2      | Reached skill level 4 in Armour
  1804 | D:3      | Found a snail-covered altar of Cheibriados.
  1852 | D:3      | Reached XP level 5. HP: 10/32 MP: 5/5
  2326 | D:3      | Slain by an orc

Skill      XL: |  1  2  3  4 |
---------------+-------------+-----
Dodging        | 1 |  1.6
Maces & Flails | 3 |  3.8
Armour         | 4 |  4.3
Fighting       | |  3.9
Shields        | |  3.2
Evocations     | |  0.5

Action                   |  1- 3 |  4- 6 || total
-------------------------+-------+-------++-------
Melee: Flail             |   138 |   159 ||   297
  Use: Potion            |       |     1 ||     1
  Eat: Chunk             |     1 |     4 ||     5
Armor: Scale mail        |    89 |   151 ||   240
Dodge: Dodged            |    50 |   103 ||   153
Block: Shield            |    80 |   155 ||   235
